 Dungeon Crawl Stone Soup version 0.20.1-1-g8b1a95d (webtiles) character file.

105 letownia2 the Grave Robber (level 4, 0/38 HPs)
             Began as a Deep Dwarf Necromancer on Dec 16, 2017.
             Slain by an elf zombie (4 damage)
             ... in an ossuary.
             The game lasted 00:05:26 (1183 turns).

letownia2 the Grave Robber (Deep Dwarf Necromancer) Turns: 1183, Time: 00:05:27

Health: 0/38       AC:  4    Str: 12    XL:     4   Next: 53%
Magic:  8/8        EV: 12    Int: 16    God:
Gold:   61         SH:  0    Dex: 13    Spells: 4/8 levels left

rFire    . . .     SeeInvis .   a - +0 war axe
rCold    . . .     Gourm    .   (no shield)
rNeg     . . .     Faith    .   h - +0 leather armour
rPois    .         Spirit   .   (no helmet)
rElec    .         Reflect  .   (no cloak)
rCorr    .         Harm     .   d - +0 pair of gloves
MR       .....                  (no boots)
Stlth    ++........             (no amulet)
Regen    0.0/turn               (no ring)
MPRegen  0.2/turn               (no ring)

@: non-regenerating
A: damage resistance, heal wounds, sense surroundings 1, no regeneration
a: Heal Wounds


You were in an ossuary.
You were hungry.

You visited 1 branch of the dungeon, and saw 4 of its levels.
You also visited: Ossuary.

You collected 61 gold pieces.

Inventory:

Hand Weapons
 a - a +0 war axe (weapon)
 e - a +0 whip
 p - a +0 war axe
Armour
 d - a +0 pair of gloves (worn)
 h - a +0 leather armour (worn)
Wands
 f - a wand of scattershot (1/9)
Scrolls
 i - a scroll of teleportation {unknown}
Potions
 g - a potion of agility {unknown}
 j - a potion of might {unknown}
 k - a potion of magic {unknown}
 l - a potion of heal wounds {unknown}
Books
 b - a book of Necromancy

   Spells                             Type                      Level
   a - Pain                           Necromancy                   1
   b - Animate Skeleton               Necromancy                   1
   c - Vampiric Draining              Necromancy                   3
   d - Regeneration                   Charms/Necromancy            3
   e - Animate Dead                   Necromancy                   4
   f - Control Undead                 Necromancy                   4
Comestibles
 c - 3 bread rations
 m - a meat ration
 n - 2 fruits


   Skills:
 + Level 1.1 Fighting
 + Level 1.3 Axes
 - Level 2.1 Dodging
 - Level 2.4 Stealth
 - Level 2.6 Spellcasting
 - Level 5.4 Necromancy


You had 4 spell levels left.
You knew the following spells:

 Your Spells              Type           Power        Failure   Level  Hunger
a - Pain                  Necr           ###.         2%          1    #......
v - Vampiric Draining     Necr           ###.......   8%          3    ###....


Dungeon Overview and Level Annotations

Branches:
Dungeon (4/15)
 Temple: D:4-7

Altars:
Qazlal

Annotations:
D:3 Robin; p0werm0de's ghost, amateur DDFi


Innate Abilities, Weirdness & Mutations

You are resistant to damage.
You can heal yourself by infusing magical energy.
You passively map a small area around you.
You do not regenerate.


Message History

You slash the kobold zombie!
You destroy the kobold zombie!
You hit the rat zombie. The rat zombie closely misses you.
The elf zombie hits you.
* * * LOW HITPOINT WARNING * * *
You slash the rat zombie!
You destroy the rat zombie!
The elf zombie hits you.
* * * LOW HITPOINT WARNING * * *
You slash the big kobold zombie!
The big kobold zombie is moderately damaged.
The big kobold zombie barely misses you.
Evoke which item? (* to show all) (? for menu, Esc to quit)
Aiming: Scattershot
Press: ? - help, Shift-Dir - straight line, f - human zombie
Aim: a human zombie The burst of metal fragments hits the elf zombie. x4
The elf zombie is heavily damaged.
This wand has 1 charge left.
The elf zombie hits you.
You die...

#.... , * , #.Z.* ##.+
..# #..##....# * ..#
#..'.Z...., ,, , #..#
#..##....# * ##..#
#...####.+ ####...#
#......########......#
#...........Z........#
#..........@ZZ.Z.....#
#......########Z.....#
#Z..#### ,, ####...#
#Z.##, , , ,, ##..#
#..# *** ,,+..# #..##
,,,* ##..# #...#### +
####Z..#
#......########......#
#..........ZZ........#


You could see a hobgoblin zombie, a big kobold zombie, 2 elf zombies and a human
zombie.

Vanquished Creatures
  A scorpion (D:4)
  A hound zombie (Ossuary)
  5 adder zombies (Ossuary)
  An adder skeleton (D:4)
  A leopard gecko (D:3)
  An orc (D:4)
  2 goblins
  A kobold (D:2)
  A bat (D:3)
  3 goblin zombies (Ossuary)
  2 hobgoblin zombies (Ossuary)
  3 jackal zombies (Ossuary)
  2 kobold zombies (Ossuary)
  3 rats (D:3)
  4 rat zombies (Ossuary)
31 creatures vanquished.

Notes
Turn   | Place    | Note
-------+----------+-------------------------------------------
     0 | D:1      | letownia2 the Deep Dwarf Necromancer began the quest for the Orb.
     0 | D:1      | Reached XP level 1. HP: 15/15 MP: 3/3
   127 | D:3      | Noticed Robin
   327 | D:3      | Found a stormy altar of Qazlal.
   328 | D:3      | Noticed p0werm0de's ghost (amateur DDFi)
   328 | D:3      | Noticed an earth elemental
   546 | D:4      | Found a sand-covered staircase.
   580 | D:4      | Reached XP level 2. HP: 16/22 MP: 5/5
   581 | D:4      | Noticed a scorpion
   647 | D:4      | Killed a scorpion
   647 | D:4      | Reached skill level 5 in Necromancy
   647 | D:4      | Reached XP level 3. HP: 17/28 MP: 0/6
   652 | D:4      | Learned a level 3 spell: Vampiric Draining
   894 | Ossuary  | Entered an ossuary
   929 | Ossuary  | Reached XP level 4. HP: 19/37 MP: 8/8
  1142 | Ossuary  | Reached skill level 1 in Fighting
  1143 | Ossuary  | Reached skill level 1 in Axes
  1183 | Ossuary  | Slain by an elf zombie

Skill      XL: |  1  2  3  4 |
---------------+-------------+-----
Spellcasting   | 2 |  2.6
Necromancy     | 5 |  5.4
Fighting       | 1 |  1.1
Axes           | 1 |  1.3
Dodging        | |  2.1
Stealth        | |  2.4

Action                   |  1- 3 |  4- 6 || total
-------------------------+-------+-------++-------
Melee: Whip              |    10 |       ||    10
       War axe           |    18 |    44 ||    62
 Cast: Pain              |    25 |       ||    25
       Vampiric Draining |     1 |       ||     1
Evoke: Wand              |       |     1 ||     1
  Use: Scroll            |     2 |       ||     2
  Eat: Chunk             |       |     1 ||     1
Armor: Robe              |     3 |       ||     3
       Leather armour    |     9 |    27 ||    36
Dodge: Dodged            |    40 |    47 ||    87
